 Dungeon Crawl Stone Soup version 0.27-a0-1191-g601b473118 (webtiles) character file.

Game seed: 8536427935755826679

3749 pokeman the Thaumaturge (level 9, -18/49 HPs)
             Began as a Deep Elf Hedge Wizard on May 24, 2021.
             Was an Initiate of Vehumet.
             Demolished by Harold
             ... wielding a +0 trident
              (24 damage)
             ... on level 7 of the Dungeon.
             The game lasted 00:26:51 (11854 turns).

pokeman the Thaumaturge (Deep Elf Hedge Wizard)    Turns: 11854, Time: 00:26:52

Health: -18/49     AC:  7    Str:  7    XL:     9   Next: 93%
Magic:  14/26      EV: 16    Int: 23    God:    Vehumet [......]
Gold:   376        SH:  0    Dex: 14    Spells: 8/31 levels left

rFire    . . .     SeeInvis .   F - +2 spear (venom)
rCold    + . .     Faith    .   (no shield)
rNeg     . . .     Spirit   .   k - +0 leather armour
rPois    .         Reflect  .   r - +2 hat
rElec    .         Harm     .   t - +0 cloak
rCorr    .         Rampage  .   v - +0 pair of gloves
Will     .....                  (no boots)
Stlth    ++........             (no amulet)
HPRegen  0.16/turn              h - +4 ring of evasion
MPRegen  0.20/turn              m - ring of protection from cold

@: very slightly contaminated
A: no striking features
a: Renounce Religion


You were on level 7 of the Dungeon.
You worshipped Vehumet.
Vehumet was noncommittal.
You visited 2 branches of the dungeon, and saw 8 of its levels.

You collected 376 gold pieces.

Inventory:

Hand Weapons
 s - a +2 quarterstaff of chaos
 D - a +0 shortbow
 F - a +2 spear of venom (weapon)
Missiles
 a - 84 bolts
 f - 97 arrows
Armour
 b - a +0 kite shield
 k - a +0 leather armour (worn)
 r - a +2 hat (worn)
 t - a +0 cloak (worn)
 v - a +0 pair of gloves (worn)
Jewellery
 d - an amulet of faith
 h - a +4 ring of evasion (left hand)
 m - a ring of protection from cold (right hand)
 n - an amulet of guardian spirit
Wands
 c - a wand of flame (47)
 z - a wand of mindburst (15)
 E - a wand of polymorph (10)
Scrolls
 e - a scroll of brand weapon {unknown}
 g - 8 scrolls of identify {unknown}
 i - 3 scrolls of teleportation {unknown}
 j - 2 scrolls of noise {unknown}
 x - 3 scrolls of blinking {unknown}
 y - 3 scrolls of amnesia {unknown}
 A - 2 scrolls of fog {unknown}
 B - a scroll of enchant armour {unknown}
 C - 3 scrolls of vulnerability {unknown}
 H - a scroll of magic mapping {unknown}
Potions
 l - 6 potions of curing {unknown}
 o - 2 potions of berserk rage {unknown}
 p - a potion of ambrosia {unknown}
 q - 5 potions of heal wounds
 u - a potion of degeneration {unknown}
 w - 4 potions of brilliance {unknown}
 G - a potion of cancellation {unknown}


   Skills:
 + Level 2.4 Fighting
 - Level 2.0 Armour
 - Level 3.3 Dodging
 - Level 3.1 Stealth
 - Level 3.0 Shields
 * Level 11.8 Spellcasting
 + Level 7.9 Conjurations
 - Level 1.1 Summonings
 - Level 1.1 Translocations
 + Level 5.6 Fire Magic
 - Level 1.0 Air Magic
 - Level 2.0 Earth Magic
 - Level 1.0 Poison Magic
 - Level 1.0 Evocations


You had 8 spell levels left.
You knew the following spells:

 Your Spells              Type           Power      Damage    Failure   Level
a - Magic Dart            Conj           100%       1d8       1%          1
b - Mephitic Cloud        Conj/Pois/Air  28%        N/A       5%          3
c - Call Imp              Summ           18%        N/A       7%          2
d - Blink                 Tloc           N/A        N/A       7%          2
e - Conjure Flame         Conj/Fire      44%        6-21      1%          3
f - Bolt of Magma         Conj/Fire/Erth 18%        4d10      22%         5
g - Orb of Destruction    Conj           24%        9d10      92%         7

Your spell library contained the following spells:

 Spells                   Type           Power      Damage    Failure   Level
 Searing Ray              Conj           98%        3d7       1%          2
 Dazzling Flash           Conj/Hex       62%        N/A       4%          3
 Beastly Appendage        Tmut           26%        N/A       7%          1
 Iskenderun's Battlesphe  Conj           49%        2d10      8%          5
 Slow                     Hex            13%        N/A       11%         2
 Wereblood                Tmut           13%        N/A       11%         2
 Iskenderun's Mystic Bla  Conj/Tloc      34%        2d8       11%         4
 Fulminant Prism          Conj/Hex       15%        3d11      14%         4
 Spider Form              Tmut/Pois      8%         N/A       17%         3
 Irradiate                Conj/Tmut      15%        3d18      36%         5
 Ice Form                 Ice/Tmut       13%        N/A       56%         4
 Iron Shot                Conj/Erth      18%        9d4       80%         6
 Hydra Form               Tmut           6%         N/A       88%         5
 Blade Hands              Tmut           6%         N/A       100%        6
 Statue Form              Tmut/Erth      12%        N/A       100%        6
 Dragon Form              Tmut           6%         N/A       100%        7
 Spellforged Servitor     Conj/Summ      17%        N/A       100%        7


Dungeon Overview and Level Annotations

Branches:
Dungeon (7/15)             Temple (1/1) D:7

Altars:
Ashenzari
Cheibriados
Dithmenos
Fedhas
Gozag
Hepliaklqana
Kikubaaqudgha
Makhleb
Nemelex Xobeh
Okawaru
Qazlal
Ru
Sif Muna
Trog
Uskayaw
Vehumet
Wu Jian
Xom
Zin
The Shining One

Shops:
D:5 [

Annotations:
D:7 Harold


Message History

Aiming: Mephitic Cloud (dangerous; 5% risk of failure)
Press: ? - help, Shift-Dir - straight line, f/p - Harold
Aim: Harold, wielding a +0 trident, wearing a +0 ring mail and quivering 3 throwing nets (chance to affect: 58%)
The ball explodes into a vile cloud!
The stinking cloud engulfs Harold but does no damage.
Harold is engulfed in noxious fumes.
Unknown command.
Unknown command.
Casting: Mephitic Cloud (dangerous; 5% risk of failure)
Confirm with . or Enter, or press ? or * to list all spells.
A shadowy apparition takes form in the air.
Harold is engulfed in blazing flames.
Harold hits you but does no damage.
Unknown command.
Casting: Call Imp (safe; 7% risk of failure)
Confirm with . or Enter, or press ? or * to list all spells.
You miscast Call Imp.
Nothing appears to happen.
Harold is engulfed in blazing flames.
Harold yells, "I don't have all day!"
Harold hits you from afar with a +0 trident!!
Unknown command.
Casting: Call Imp (safe; 7% risk of failure)
Confirm with . or Enter, or press ? or * to list all spells.
A beastly little devil appears in a puff of flame.
Harold is engulfed in blazing flames.
Harold completely misses you.
Unknown command.
You cannot attack while held in a net.
Unknown command.
You struggle against the net.
Harold is engulfed in blazing flames.
Harold hits you from afar with a +0 trident.
Your crimson imp hits Harold.
You tear a large gash into the net.
Harold is engulfed in blazing flames.
Harold completely misses you.
Your crimson imp blinks!
You rip the net and break free!
Harold is engulfed in blazing flames.
Harold hits you from afar with a +0 trident!!
* * * LOW HITPOINT WARNING * * *
You swap places.
Harold is engulfed in blazing flames.
Your shadow imp hits Harold.
Harold hits you from afar with a +0 trident!!
You die...

##### ######...#
#....#...#
#....#...############
#....†...>...........
####.#....####.......
#5#.......'.......
#@#...#####.......
#5#...# #.......
#@#...# #.......
#○#...# ##......
........#...# #.#####
...@.####...# #.#....
.#.. #...# #.#.### #.
#...# #†#.# # #.#.#


You could see Harold (ally target), a friendly crimson imp (summoned) and a
friendly shadow imp (summoned).

Vanquished Creatures
  Pikel (D:7)
  Joseph (D:7)
  Grinder (D:3)
  Sigmund (D:3)
  Edmund (D:6)
  Duvessa (D:4)
  An ice beast (D:7)
  2 orc warriors
  A hornet zombie (D:6)
  A necrophage (D:6)
  4 ogres
  4 lemures (D:7)
  A centaur (D:6)
  A phantom (D:6)
  Blork the orc (D:6)
  A kobold brigand (D:7)
  2 gnoll sergeants (D:6)
  3 scorpions
  Dowan (D:4)
  A water moccasin skeleton (D:4)
  4 killer bees (D:7)
  2 centaur zombies
  4 hounds
  A jelly (D:6)
  2 gnoll shamans
  An orc priest (D:4)
  A bullfrog skeleton (D:4)
  A centaur skeleton (D:7)
  Crazy Yiuf (D:3)
  2 iguanas
  7 orc wizards
  A howler monkey skeleton (D:6)
  Robin (D:4)
  13 gnolls (D:6)
  6 adders
  A shadow imp (D:7)
  A white imp (D:6)
  2 worms
  A dart slug (D:2)
  26 orcs
  4 ball pythons
  12 endoplasms
  6 giant cockroaches
  17 goblins
  14 hobgoblins
  3 jackals (D:5)
  6 quokkas
  4 bats (D:1)
  2 frilled lizards (D:1)
  17 kobolds
  4 rats
197 creatures vanquished.

Vanquished Creatures (collateral kills)
  An iguana (D:5)
  An orc wizard (D:5)
  An ufetubus (D:5)
  4 orcs (D:3)
  A goblin (D:3)
8 creatures vanquished.

Grand Total: 205 creatures vanquished

Notes
Turn   | Place    | Note
-------+----------+-------------------------------------------
     0 | D:1      | pokeman the Deep Elf Hedge Wizard began the quest for the
                  | Orb.
     0 | D:1      | Reached XP level 1. HP: 10/10 MP: 7/7
   263 | D:1      | Reached XP level 2. HP: 11/16 MP: 4/9
   892 | D:1      | Reached skill level 5 in Spellcasting
  1081 | D:1      | Reached XP level 3. HP: 20/20 MP: 6/11
  1085 | D:1      | Learned a level 3 spell: Mephitic Cloud
  1088 | D:1      | Learned a level 2 spell: Call Imp
  1091 | D:1      | Learned a level 2 spell: Blink
  1095 | D:1      | Learned a level 3 spell: Conjure Flame
  3253 | D:2      | Reached skill level 1 in Fighting
  3253 | D:2      | Reached skill level 1 in Armour
  3591 | D:2      | Reached XP level 4. HP: 25/25 MP: 10/13
  4608 | D:3      | Noticed Grinder
  4647 | D:2      | Reached skill level 1 in Fire Magic
  5142 | D:3      | Paralysed by Grinder for 6 turns
  5158 | D:3      | Paralysed by Grinder for 2 turns
  5350 | D:3      | Paralysed by Grinder for 7 turns
  5459 | D:3      | Killed Grinder
  5460 | D:3      | Reached XP level 5. HP: 26/29 MP: 1/15
  5631 | D:3      | Noticed Sigmund
  5647 | D:3      | Killed Sigmund
  5648 | D:3      | Reached skill level 6 in Spellcasting
  5648 | D:3      | Reached skill level 5 in Conjurations
  5648 | D:3      | Reached XP level 6. HP: 34/34 MP: 7/17
  6148 | D:3      | Found a runed translucent door.
  6149 | D:3      | Noticed Crazy Yiuf
  6156 | D:3      | Killed Crazy Yiuf
  6157 | D:3      | Reached skill level 1 in Shields
  6338 | D:3      | Found an ornate altar of the Wu Jian Council.
  6642 | D:4      | Reached skill level 7 in Spellcasting
  6642 | D:4      | Reached skill level 1 in Air Magic
  6642 | D:4      | Reached XP level 7. HP: 27/38 MP: 11/19
  6850 | D:4      | Noticed Robin
  6880 | D:4      | Killed Robin
  7079 | D:4      | Found an ancient bone altar of Kikubaaqudgha.
  7080 | D:4      | Found a bloodstained altar of Trog.
  7084 | D:4      | Found a burning altar of Makhleb.
  7140 | D:4      | Noticed Duvessa
  7142 | D:4      | Noticed Dowan
  7153 | D:4      | Killed Dowan
  7154 | D:4      | Reached skill level 1 in Evocations
  7163 | D:4      | Reached skill level 1 in Poison Magic
  7197 | D:4      | Killed Duvessa
  7346 | D:4      | Reached skill level 8 in Spellcasting
  7431 | D:4      | Reached XP level 8. HP: 44/44 MP: 13/22
  7507 | D:4      | Learned a level 5 spell: Bolt of Magma
  7515 | D:4      | Learned a level 7 spell: Orb of Destruction
  7854 | D:5      | Entered Level 5 of the Dungeon
  8028 | D:5      | Reached skill level 1 in Earth Magic
  8251 | D:5      | Reached skill level 9 in Spellcasting
  8680 | D:5      | Found a stormy altar of Qazlal.
  8964 | D:5      | Found Feefoawk's Antique Armour Boutique.
  9102 | D:5      | Found an iron altar of Okawaru.
  9155 | D:6      | Noticed Edmund
  9172 | D:6      | Killed Edmund
  9618 | D:6      | Reached skill level 10 in Spellcasting
  9618 | D:6      | Reached XP level 9. HP: 48/48 MP: 14/25
  9945 | D:6      | Noticed Blork the orc
  9959 | D:6      | Killed Blork the orc
 10132 | D:6      | Found an opulent altar of Gozag.
 10862 | D:7      | Found a staircase to the Ecumenical Temple.
 10871 | Temple   | Entered the Ecumenical Temple
 10878 | Temple   | Became a worshipper of Vehumet
 10913 | D:7      | Noticed Joseph
 10944 | D:7      | Killed Joseph
 10945 | D:7      | Reached skill level 11 in Spellcasting
 11154 | D:7      | Found a sacrificial altar of Ru.
 11162 | D:7      | Reached skill level 5 in Fire Magic
 11606 | D:7      | Noticed Pikel
 11652 | D:7      | Killed Pikel
 11838 | D:7      | Noticed Harold
 11854 | D:7      | Demolished by Harold

Illustrated notes

Levels and vault maps discovered:
D:1:      ncdulo_wetmaze, layout_basic, corexii_item_surrounded_by_moat,
          minmay_tromino_i2
D:2:      layout_loops_ring, serial_rivers, chequers_serial_rivers_small_3,
          chequers_serial_rivers_small_3, chequers_serial_rivers_large_b,
          chequers_serial_rivers_micro_e, chequers_serial_rivers_marsh,
          minmay_fractal_squares_gapless_5
D:3:      layout_basic, general_overflow_altar, uniq_sigmund,
          uniq_crazy_yiuf_cottage, uniq_grinder
D:4:      layout_basic, minitemple, uniq_duvessa, uniq_robin
D:5:      layout_cave_pools, marbit_many_paths, grunt_qazlal_sundering,
          serial_shops, shop
D:6:      layout_layer_cave, grunt_gozag_breadcrumbs, uniq_edmund,
          uniq_blork_the_orc
D:7:      layout_basic, nicolae_ru_great_annihilating_truth,
          minmay_temple_entry_waves, uniq_harold, uniq_joseph, uniq_pikel
Temple:   nicolae_temple_no_exploring_needed

Skill      XL: |  1  2  3  4  5  6  7  8  9 |
---------------+----------------------------+-----
Spellcasting   | 5 6 7 8 10 11 | 11.8
Fighting       | 1 2 |  2.4
Armour         | 1 2 |  2.0
Conjurations   | 2 4 5 6 7 |  7.9
Fire Magic     | 1 2 3 5 |  5.6
Dodging        | 3 |  3.3
Shields        | 1 3 |  3.0
Stealth        | 3 |  3.1
Air Magic      | 1 |  1.0
Evocations     | 1 |  1.0
Poison Magic   | 1 |  1.0
Earth Magic    | 2 |  2.0
Summonings     | |  1.1
Translocations | |  1.1

Action                   |  1- 3 |  4- 6 |  7- 9 || total
-------------------------+-------+-------+-------++-------
Melee: Dagger            |    24 |    17 |    40 ||    81
       Quarterstaff      |       |       |    49 ||    49
       Spear             |       |       |    78 ||    78
 Cast: Magic Dart        |   141 |   133 |   197 ||   471
       Blink             |    68 |     1 |       ||    69
       Call Imp          |       |    20 |    15 ||    35
       Conjure Flame     |       |     2 |    22 ||    24
       Mephitic Cloud    |       |     2 |    39 ||    41
 Stab: Confused          |       |       |    13 ||    13
       Distracted        |       |       |     1 ||     1
Armor: Robe              |     9 |       |       ||     9
       Leather armour    |     1 |    12 |    30 ||    43
Dodge: Dodged            |    25 |    38 |   122 ||   185

Table legend: (Time is in decaauts)
 A = Elapsed time spent in this place.
 B = Non-inter-level travel time spent in this place.
 C = Inter-level travel time spent in this place.
 D = Time resting spent in this place.
 E = Time spent auto-exploring this place.
 F = Levels seen in this place.
 G = Mean time per level.
                   A        B        C        D        E       F      G
               +--------+--------+--------+--------+--------+-----+--------+
         Total |  11920 |  11688 |    232 |   1626 |   8063 |   8 | 1490.0 |
       Dungeon |  11905 |  11685 |    220 |   1626 |   8063 |   7 | 1700.7 |
        Temple |     14 |      2 |     12 |      0 |      0 |   1 |   14.0 |
               +--------+--------+--------+--------+--------+-----+--------+

Top non-repeatable levels by time:
     D:1: 3065 daAuts
     D:2: 1835 daAuts
     D:6: 1731 daAuts
     D:3: 1665 daAuts
     D:4: 1340 daAuts
     D:5: 1276 daAuts
     D:7: 988 daAuts
  Temple: 14 daAuts
